 Dungeon Crawl Stone Soup version 0.31.0-11-ge490571c62 (webtiles) character file.

Game seed: 8034831723052694748

24 qw the Shooter (level 2, 0/14 HPs)
             Began as a Spriggan Hunter on Feb 4, 2024.
             Slain by a quokka (4 damage)
             ... on level 2 of the Dungeon.
             The game lasted 00:00:02 (849 turns).

qw the Shooter (Spriggan Hunter)                     Turns: 849, Time: 00:00:03

Health: 0/14       AC:  2    Str:  7    XL:     2   Next: 79%
Magic:  3/3        EV: 19    Int: 10    God:
Gold:   65         SH:  0    Dex: 18    Spells: 1/1 levels left

rFire   . . .        a - +1 shortbow
rCold   . . .        (shield currently unavailable)
rNeg    . . .        c - +0 robe
rPois   .            (helmet restricted)
rElec   .            (no cloak)
rCorr   .            (gloves unavailable)
SInv    +            (boots unavailable)
Will    .....        (no amulet)
Stlth   ++           (no ring)
HPRegen 0.22/turn    (no ring)
MPRegen 0.08/turn

%: no passive effects
@: very quick
A: very small, no large weapons, unfitting armour, see invisible, speed 3
a: no special abilities


You were on level 2 of the Dungeon.
You visited 1 branch of the dungeon, and saw 2 of its levels.

You collected 65 gold pieces.


Innate Abilities, Weirdness & Mutations

You are very small and have problems with some larger weapons.
You are too small for most types of armour.
You have supernaturally acute eyesight. (SInv)
You cover ground extremely quickly. (Speed+++)


   Skills:
 - Level 1.5 Fighting
 + Level 4.3 Ranged Weapons
 - Level 4.0 Dodging
 - Level 1.5 Stealth


You had one spell level left.
You didn't know any spells.
Your spell library was empty.

Inventory:

Hand Weapons
 a - a +1 shortbow (weapon)
Armour
 c - a +0 robe (worn)
Scrolls
 i - a scroll of teleportation
Potions
 e - a potion of mutation {unknown}
 f - a potion of resistance {unknown}
 j - a potion of curing {unknown}

Dungeon Overview and Level Annotations

Branches:
Dungeon (2/15)

Altars:

Shops:
D:1 *


Message History

838 ||| RETREEEEATING.
You shoot an arrow. The arrow barely misses the quokka.
The arrow closely misses the kobold.
The arrow hits the goblin.
The goblin is severely wounded.
The quokka completely misses you. The quokka closely misses you.
840 ||| RETREEEEATING.
The quokka attacks as it pursues you! The quokka barely misses you.
You shoot an arrow. The arrow hits the quokka.
The quokka is heavily wounded.
The quokka bites you.
You shoot an arrow.
The arrow hits the quokka but does no damage.
The quokka is heavily wounded.
The quokka twitches its whiskers.
You shoot an arrow. The arrow hits the kobold.
You kill the kobold!
The quokka closely misses you.
The goblin shoots a sling bullet.
The sling bullet closely misses you. The quokka misses you.
You shoot an arrow. The arrow closely misses the quokka.
The arrow hits the hobgoblin.
The hobgoblin is almost dead.
The quokka bites you. The quokka completely misses you. The quokka misses you.
You shoot an arrow. The arrow hits the quokka.
You kill the quokka!
The quokka completely misses you. The quokka barely misses you.
The hobgoblin misses you.
You shoot an arrow.
The arrow hits the hobgoblin but does no damage.
The hobgoblin is almost dead.
The quokka closely misses you. The hobgoblin completely misses you.
You shoot an arrow. The arrow closely misses the hobgoblin.
The quokka closely misses you. The hobgoblin misses you. The quokka misses you.
You shoot an arrow. The arrow hits the hobgoblin.
You kill the hobgoblin!
The hobgoblin barely misses you. The quokka bites you.
You shoot an arrow. The arrow hits the quokka.
The quokka is severely wounded.
The goblin shoots a sling bullet.
The sling bullet closely misses you. The quokka bites you.
The hobgoblin closely misses you. The quokka bites you.
You die...

.? .# . .! .#
#...# .##.# ...
....#. ...# ....
#..).####..#.....
#..[..............
#..#.............#
#..#..##).##.....#
#..#...@r........#
#..#....g.........
#..#..............
#..##........###..
#<............. ..
##############..
..


You could see a quokka and a hobgoblin.

Vanquished Creatures
  An endoplasm (D:1)
  A giant cockroach (D:1)
  6 hobgoblins
  4 kobolds
  2 quokkas
  3 ball pythons
  2 bats (D:1)
  A rat (D:1)
20 creatures vanquished.

Notes
Turn   | Place    | Note
-------+----------+-------------------------------------------
     0 | D:1      | qw the Spriggan Hunter began the quest for the Orb.
     0 | D:1      | Reached XP level 1. HP: 10/10 MP: 2/2
     0 | D:1      | 0 ||| qw: Version: 0.3-a-160-g6735b56
     0 | D:1      | 0 ||| qw: Game counter: 4960
     0 | D:1      | 0 ||| qw: Melee chars always use a shield: true
     0 | D:1      | 0 ||| qw: God list: Okawaru
     0 | D:1      | 0 ||| qw: Allow faded altars: false
     0 | D:1      | 0 ||| qw: Do Orc after clearing Dungeon:15 true
     0 | D:1      | 0 ||| qw: Do second Lair branch before Depths: true
     0 | D:1      | 0 ||| qw: Lair rune preference: random
     0 | D:1      | 0 ||| qw: Goals: Normal
     0 | D:1      | 0 ||| PLANNING D:1-11
    41 | D:1      | Reached skill level 3 in Dodging
    54 | D:1      | Found Xemp's Assorted Antiques.
    66 | D:1      | 66 ||| SHOPLISTING 3 scrolls labelled NUQUATWUSUMUCH (66
                  | gold, have 0).
    66 | D:1      | 66 ||| SHOPLISTING lumpy silvery potion (19 gold, have 0).
    66 | D:1      | 66 ||| SHOPLISTING puce potion (19 gold, have 0).
    66 | D:1      | 66 ||| SHOPLISTING scroll labelled LEOPPO GEAMP (22 gold,
                  | have 0).
   131 | D:1      | Reached XP level 2. HP: 14/14 MP: 3/3
   674 | D:1      | 674 ||| READING scroll labelled JUCSEGERCHEN.
   675 | D:1      | 675 ||| READING scroll labelled XEFYNN DAMOTH.
   675 | D:1      | 675 ||| ENCHANTING +0 shortbow.
   676 | D:1      | 676 ||| READING scroll labelled XOWO SEAHI.
   777 | D:1      | 777 ||| READING 2 scrolls labelled QEGUQU XIOMNU.
   780 | D:1      | 780 ||| READING scroll labelled ZOUBULA EMMI.
   781 | D:1      | 781 ||| READING scroll labelled FEMEVO CAASEKERR.
   781 | D:1      | 781 ||| ENCHANTING +0 shortbow.
   782 | D:1      | 782 ||| DROPPING scroll of butterflies.
   837 | D:2      | 837 ||| RETREEEEATING.
   838 | D:2      | 838 ||| RETREEEEATING.
   840 | D:2      | 840 ||| RETREEEEATING.
   849 | D:2      | Slain by a quokka

Levels and vault maps discovered:
D:1:      denvon_arrival_planthouse, layout_basic, serial_shops, shop
D:2:      layout_basic, basic_altar, minmay_hexomino_p4

Skill      XL: |  1  2 |
---------------+-------+-----
Dodging        | 3 4 |  4.0
Fighting       | |  1.5
Ranged Weapons | |  4.3
Stealth        | |  1.5

Action                     || total
---------------------------++-------
   Fire: Shortbow          ||    45
    Use: Scroll            ||     6
 Armour: Robe              ||     6
  Dodge: Dodged            ||    24

Table legend:
 A = Non-vault XP
 B = Vault XP
 C = Vault XP percentage of total XP
 D = Non-vault monster count
 E = Vault monster count
 F = Vault count percentage of total count
                 A         B        C        D         E       F
            +---------+---------+-------+---------+---------+-------
      Total |      30 |       5 |  14.3 |      17 |       3 |  15.0
            +---------+---------+-------+---------+---------+-------
        D:1 |      26 |       0 |   0.0 |      15 |       0 |   0.0
        D:2 |       4 |       5 |  55.6 |       2 |       3 |  60.0
            +---------+---------+-------+---------+---------+-------
